 Dungeon Crawl Stone Soup version 0.31-a0-955-gcb8bc90ed4 (webtiles) character file.

Game seed: 18113028426499287999

18 Morbidden the Stinger (level 2, 20/20 HPs)
             Began as a Demonspawn Venom Mage on Oct 22, 2023.
             Quit the game on level 1 of the Dungeon.
             The game lasted 00:00:46 (1087 turns).

Morbidden the Stinger (Demonspawn Venom Mage)       Turns: 1087, Time: 00:00:46

Health: 20/20      AC:  4    Str:  8    XL:     2   Next: 51%
Magic:  2/5        EV: 12    Int: 16    God:
Gold:   83         SH:  0    Dex: 13    Spells: 4/5 levels left

rFire   . . .        (no weapon)
rCold   . . .        (no shield)
rNeg    . . .        a - +0 robe
rPois   .            (no helmet)
rElec   .            (no cloak)
rCorr   .            (no gloves)
SInv    .            (no boots)
Will    .....        (no amulet)
Stlth   ++           (no ring)
HPRegen 0.23/turn    (no ring)
MPRegen 0.09/turn

%: no passive effects
@: no status effects
A: slimy green scales 1
a: no special abilities


You were on level 1 of the Dungeon.
You visited 1 branch of the dungeon, and saw 1 of its levels.

You collected 83 gold pieces.

Inventory:

Armour
 a - a +0 robe (worn)
Jewellery
 h - a +6 ring of strength
Scrolls
 f - a scroll of immolation {unknown}
 g - a scroll of blinking {unknown}
Potions
 b - 2 potions of magic
 c - a potion of enlightenment {unknown}
 d - a potion of lignification {unknown}
 e - a potion of resistance {unknown}
 i - a potion of curing {unknown}


   Skills:
 * Level 0.5 Fighting
 * Level 0.3 Armour
 * Level 2.0 Dodging
 + Level 1.8 Stealth
 * Level 2.4 Spellcasting
 + Level 0.8 Transmutations
 * Level 3.2 Poison Magic


You had 4 spell levels left.
You knew the following spells:

 Your Spells              Type           Power      Damage    Failure   Level
a - Sting                 Tmut/Pois      32%        1d4       9%          1

Your spell library contained the following spells:

 Spells                   Type           Power      Damage    Failure   Level
 Poisonous Vapours        Pois/Air       14%        N/A       16%         2
 Mephitic Cloud           Conj/Pois/Air  5%         N/A       36%         3
 Olgreb's Toxic Radiance  Pois           12%        N/A       47%         4


Dungeon Overview and Level Annotations

Branches:
Dungeon (1/15)

Altars:


Innate Abilities, Weirdness & Mutations

You are partially covered in slimy green scales. (AC +2)


Message History

Casting: Sting (safe; 9% risk of failure)
Confirm with . or Enter, or press ? or * to list all spells.
Aiming: Sting (safe; 9% risk of failure)
Press: ? - help, Shift-Dir - straight line, f - kobold
Aim: a kobold, wielding a +0 dagger and quivering stones (60% to hit)
The sting hits the kobold.
The kobold is poisoned.
The kobold is heavily wounded.
The kobold throws a stone.
The stone barely misses you.
The kobold throws a stone.
The stone barely misses you.
A kobold is nearby!
Casting: Sting (safe; 9% risk of failure)
Confirm with . or Enter, or press ? or * to list all spells.
Aiming: Sting (safe; 9% risk of failure)
Press: ? - help, Shift-Dir - straight line, f/p - kobold
Aim: a kobold, wielding a +0 dagger and quivering stones (severely wounded, poisoned, 60% to hit)
The sting hits the kobold but does no damage.
The kobold looks even sicker.
The kobold is severely wounded.
A kobold is nearby!
Casting: Sting (safe; 9% risk of failure)
Confirm with . or Enter, or press ? or * to list all spells.
Aiming: Sting (safe; 9% risk of failure)
Press: ? - help, Shift-Dir - straight line, f/p - kobold
Aim: a kobold, wielding a +0 dagger and quivering stones (severely wounded, very poisoned, 60% to hit)
The sting hits the kobold but does no damage.
The kobold looks even sicker.
The kobold is severely wounded.
You kill the kobold!
Casting: Sting (safe; 9% risk of failure)
Confirm with . or Enter, or press ? or * to list all spells.
You can't see any susceptible monsters within range! (Use Z to cast anyway.) Unknown command.
Casting: Sting (safe; 9% risk of failure)
Confirm with . or Enter, or press ? or * to list all spells.
You can't see any susceptible monsters within range! (Use Z to cast anyway.)
Casting: Sting (safe; 9% risk of failure)
Confirm with . or Enter, or press ? or * to list all spells.
You can't see any susceptible monsters within range! (Use Z to cast anyway.) Unknown command.
Are you sure you want to abandon this character and quit the game? (Confirm with "yes".)

###..##########.#
..#.#.....†.....#
#..[..###########
##....# ..)...##
.......#########
................
.........############.#
.....##..## #..@)....#
########..####.########
####....##.###
#........>....#
#.#######.#.#.# #.#.#.#
#.#.# # #.#.# #.#.#


There were no monsters in sight!

Vanquished Creatures
  A dart slug (D:1)
  An endoplasm (D:1)
  A giant cockroach (D:1)
  4 goblins (D:1)
  A hobgoblin (D:1)
  A kobold (D:1)
  2 quokkas (D:1)
  2 ball pythons (D:1)
  A bat (D:1)
  A frilled lizard (D:1)
  A rat (D:1)
16 creatures vanquished.

Notes
Turn   | Place    | Note
-------+----------+-------------------------------------------
     0 | D:1      | Morbidden the Demonspawn Venom Mage began the quest for the
                  | Orb.
     0 | D:1      | Reached XP level 1. HP: 13/13 MP: 3/3
   333 | D:1      | Gained mutation: You are partially covered in slimy green
                  | scales. (AC +2) [demonic ancestry]
   333 | D:1      | Reached XP level 2. HP: 9/19 MP: 0/5
  1087 | D:1      | Quit the game

Illustrated notes

Levels and vault maps discovered:
D:1:      psy_arrival_conway, layout_basic, minmay_misc_feat_five,
          glass_columns_a, minmay_misc_feat_tiny, chequers_avenue

Skill      XL: |  1  2 |
---------------+-------+-----
Dodging        | 2 |  2.0
Fighting       | |  0.5
Armour         | |  0.3
Stealth        | |  1.8
Spellcasting   | |  2.4
Transmutations | |  0.8
Poison Magic   | |  3.2

Action                     || total
---------------------------++-------
  Melee: Unarmed           ||    31
   Cast: Sting             ||    31
 Armour: Robe              ||    29
  Dodge: Dodged            ||    26

Table legend: (Time is in decaauts)
 A = Elapsed time spent in this place.
 B = Non-inter-level travel time spent in this place.
 C = Inter-level travel time spent in this place.
 D = Time resting spent in this place.
 E = Time spent auto-exploring this place.
 F = Levels seen in this place.
 G = Mean time per level.
                   A        B        C        D        E       F      G
               +--------+--------+--------+--------+--------+-----+--------+
         Total |   1091 |   1091 |      0 |    128 |    822 |   1 | 1091.0 |
       Dungeon |   1091 |   1091 |      0 |    128 |    822 |   1 | 1091.0 |
               +--------+--------+--------+--------+--------+-----+--------+

Top non-repeatable levels by time:
     D:1: 1091 daAuts
